 Dungeon Crawl Stone Soup version 0.22.0-60-ga52c2fc (webtiles) character file.

3346 Anon1729 the Cleaver (level 10, -2/136 HPs)
             Began as a Naga Gladiator on Sept 10, 2018.
             Was a Follower of Uskayaw.
             Slain by an orc warrior
             ... wielding a +0 war axe
              (11 damage)
             ... in a bailey.
             The game lasted 00:19:09 (8806 turns).

Anon1729 the Cleaver (Naga Gladiator)               Turns: 8806, Time: 00:19:10

Health: -2/136     AC:  9    Str: 16    XL:     10   Next: 2%
Magic:  12/15      EV:  1    Int: 12    God:    Uskayaw [*.....]
Gold:   64         SH:  0    Dex: 13    Spells: 9/9 levels left

rFire    + . .     SeeInvis +   Q - +0 war axe (freeze)
rCold    + . .     Gourm    .   (no shield)
rNeg     + + +     Faith    .   (armour currently unavailable)
rPois    +         Spirit   .   (helmet currently unavailable)
rElec    +         Reflect  .   (cloak currently unavailable)
rCorr    +         Harm     .   (gloves currently unavailable)
MR       +....     NoTele   +   (no barding)
Stlth    +.........             (no amulet)
HPRegen  0.32/turn              s - ring of wizardry
MPRegen  0.14/turn              (no ring)

@: tree-form, resistant, corroded
A: large, see invisible, slow metabolism 1, spit poison 1, AC +3
a: Spit Poison, Stomp, Renounce Religion


You were in a bailey.
You worshipped Uskayaw.
Uskayaw was noncommittal.
You were very hungry.
You were a tree.
You visited 2 branches of the dungeon, and saw 9 of its levels.
You also visited: Ossuary and Bailey.

You collected 308 gold pieces.
You spent 244 gold pieces at shops.

Inventory:

Hand Weapons
 a - a +0 war axe
 i - a +2 short sword of protection
 j - a +2 whip of electrocution
 o - a +0 broad axe
 p - a +3 vampiric scythe
 y - a +4 hand axe
 D - a +0 battleaxe
 Q - a +0 war axe of freezing (weapon)
Missiles
 d - 5 throwing nets (quivered)
Armour
 b - a +0 leather armour
 c - a +0 helmet (melded)
 k - a +0 chain mail (melded)
 H - a +0 pair of gloves (melded)
Jewellery
 s - a ring of wizardry (left branch)
 J - a +2 ring of slaying {unknown}
 L - a +4 ring of dexterity {unknown}
 N - an uncursed amulet of harm
Wands
 u - a wand of enslavement (3)
 F - a wand of iceblast (11)
 O - a wand of flame (13)
Scrolls
 e - 5 scrolls of amnesia
 h - 5 scrolls of teleportation
 l - 4 scrolls of remove curse
 n - 3 scrolls of fog
 q - a scroll of fear
 r - a scroll of enchant armour
 v - a scroll of blinking
 E - 3 scrolls of enchant weapon
 K - a scroll of magic mapping {unknown}
Potions
 g - 2 potions of brilliance {unknown}
 m - 2 potions of flight {unknown}
 t - 2 potions of cancellation {unknown}
 w - 2 potions of agility {unknown}
 x - a potion of degeneration {unknown}
 z - 5 potions of curing {unknown}
 A - a potion of heal wounds {unknown}
 B - 3 potions of lignification
 C - 2 potions of haste {unknown}
 G - a potion of might {unknown}
 I - a potion of mutation {unknown}
 P - 2 potions of resistance
Comestibles
 f - 17 rations


   Skills:
 + Level 6.0 Fighting
 * Level 8.7 Axes
 - Level 2.0 Throwing
 + Level 4.7 Armour
 - Level 3.2 Dodging
 * Level 7.7 Invocations


You had 9 spell levels left.
You didn't know any spells.
Your spell library was empty.

Dungeon Overview and Level Annotations

Branches:
Dungeon (8/15)             Temple (1/1) D:5
   Lair: D:8-11

Altars:
Ashenzari
Cheibriados
Dithmenos
Elyvilon
Fedhas
Gozag
Hepliaklqana
Kikubaaqudgha
Makhleb
Nemelex Xobeh
Okawaru
Qazlal
Ru
Sif Muna
Trog
Uskayaw
Vehumet
Wu Jian
Yredelemnul
Zin
The Shining One

Shops:
D:6 [   D:7 *

Annotations:
D:2 1 runed door


Innate Abilities, Weirdness & Mutations

You cannot wear boots.
((Your serpentine skin is tough. (AC +3)))
You have supernaturally acute eyesight. (SInv)
((Armour fits poorly on your strangely shaped body.))
((Your system is resistant to poisons. (rPois)))
((You cover ground very slowly.))
You have a slow metabolism.
You can spit poison.


Message History

Unknown command.
Unknown command.
Unknown command.
Evoke which item? (* to show all) (? for menu, Esc to quit)
Aiming: Enslavement
Press: ? - help, Shift-Dir - straight line, f - rust devil
Aim: a rust devil (summoned, chance to defeat MR: 15%)
The rust devil resists with almost no effort.
The orc high priest cries, "Mercy!"
Cornered, the orc warrior turns to fight!
The rust devil hits you.
* * * LOW HITPOINT WARNING * * *
The rust devil corrodes you!
The ynoxinul gestures.
Unknown command.
Okay, then.
It was a potion of resistance.
You feel protected.
The orc warrior hits you with a war axe!
You die...

#.8. ###.8.# #....
#######.o...# #.8..
#.....#...8.#
.....#..5..#.....
#..#..⌠..#..#
#..'.3.5.'..#
#..'..o5)'..#
#####55'#####
#♣4353..o.).#
######5o55...≈≈[≈######
≈≈≈≈≈≈≈≈≈≈5..≈≈≈≈≈≈≈≈≈≈
≈≈≈≈≈≈≈≈≈≈...≈≈≈≈≈≈≈≈≈≈
≈≈≈≈≈≈≈≈≈≈...≈≈≈≈≈≈≈≈≈≈
≈≈≈≈≈≈≈≈≈≈...≈≈≈≈≈≈≈≈≈≈
≈≈≈≈≈≈≈.........≈≈≈≈≈≈≈
########.......########
#.......#


You could see an orc high priest (fleeing), a rust devil, a smoke demon, a
ynoxinul, an orc warrior and 7 ufetubi.

Vanquished Creatures
  Pikel (D:4)
  Sigmund (D:2)
  2 wraiths (Ossuary)
  A wyvern (D:6)
  A hungry ghost (D:7)
  Menkaure (D:7)
  An orc warrior (Bailey)
  2 sky beasts
  2 slaves (D:4)
  A centaur (D:6)
  2 ogres (D:7)
  A bullfrog (D:6)
  An elf skeleton (D:4)
  A scorpion (D:5)
  3 killer bees (D:7)
  2 wights (Ossuary)
  An electric eel (Bailey)
  A centaur zombie (D:5)
  3 crimson imps
  4 hounds
  A human zombie (D:4)
  3 orc priests
  5 orc wizards
  A centaur skeleton (D:4)
  Jessica (D:2)
  A gnoll shaman (D:7)
  8 worker ants
  Robin (D:3)
  7 gnolls
  5 adders
  2 shadow imps (D:7)
  An adder skeleton (D:4)
  2 adder zombies
  5 worms
  5 dart slugs
  5 leopard geckos
  12 orcs
  5 bats
  3 giant cockroaches
  21 goblins
  21 hobgoblins
  5 jackals
  10 kobolds
  2 quokkas
  A ball python (D:1)
  3 ball python skeletons (Ossuary)
  8 frilled lizards
  A kobold zombie (Ossuary)
  A leopard gecko zombie (D:6)
  4 orc skeletons (D:4)
  4 orc zombies (Ossuary)
  7 rats
193 creatures vanquished.

Vanquished Creatures (others)
  2 slaves (D:4)
  2 orc priests (D:6)
  An orc (D:4)
  2 jackals
7 creatures vanquished.

Grand Total: 200 creatures vanquished

Notes
Turn   | Place    | Note
-------+----------+-------------------------------------------
     0 | D:1      | Anon1729 the Naga Gladiator began the quest for the Orb.
     0 | D:1      | Reached XP level 1. HP: 19/19 MP: 1/1
   395 | D:1      | Reached XP level 2. HP: 13/26 MP: 2/2
  1107 | D:1      | Reached XP level 3. HP: 28/32 MP: 3/3
  1598 | D:2      | Reached skill level 1 in Armour
  1626 | D:2      | Reached XP level 4. HP: 12/40 MP: 4/4
  1926 | D:2      | Noticed Sigmund
  1937 | D:2      | Killed Sigmund
  1937 | D:2      | Reached skill level 4 in Axes
  1937 | D:2      | Reached XP level 5. HP: 27/49 MP: 5/5
  1937 | D:2      | Reached XP level 6. HP: 31/56 MP: 6/6
  2084 | D:2      | Found a runed door.
  2115 | D:2      | Found a hide-covered altar of Uskayaw.
  2116 | D:2      | Found an iron altar of Okawaru.
  2164 | D:2      | Became a worshipper of Uskayaw the Reveler
  2230 | D:2      | Noticed Jessica
  2236 | D:2      | Killed Jessica
  2236 | D:2      | Reached * piety under Uskayaw
  2806 | D:3      | Found an ancient bone altar of Kikubaaqudgha.
  2903 | D:3      | Found an opulent altar of Gozag.
  2952 | D:3      | Noticed Robin
  2958 | D:3      | Reached skill level 5 in Axes
  2959 | D:3      | Reached ** piety under Uskayaw
  2984 | D:3      | Reached *** piety under Uskayaw
  2987 | D:3      | Killed Robin
  3421 | D:4      | Reached skill level 1 in Invocations
  3427 | D:4      | Reached **** piety under Uskayaw
  3502 | D:4      | Noticed a slave
  3503 | D:4      | Noticed a slave
  3503 | D:4      | Noticed a slave
  3507 | D:4      | Noticed a slave
  3520 | D:4      | Killed a slave
  3528 | D:4      | Noticed Pikel
  3533 | D:4      | Killed a slave
  3574 | D:4      | Killed a freed slave
  3583 | D:4      | Killed a freed slave
  3631 | D:4      | Reached XP level 7. HP: 20/62 MP: 8/8
  3715 | D:4      | Found a sand-covered staircase.
  3765 | Ossuary  | Entered an ossuary
  3862 | Ossuary  | Noticed a wraith
  3862 | Ossuary  | Noticed a flying skull
  3868 | Ossuary  | Noticed a flying skull
  3896 | Ossuary  | Noticed a flying skull
  3911 | Ossuary  | Noticed a flying skull
  3917 | Ossuary  | Noticed a wraith
  3929 | Ossuary  | Killed a wraith
  4188 | Ossuary  | Noticed a wraith
  4197 | Ossuary  | Killed a wraith
  4197 | Ossuary  | Reached skill level 6 in Axes
  4197 | Ossuary  | Reached XP level 8. HP: 25/72 MP: 5/10
  4608 | D:4      | Killed Pikel
  4608 | D:4      | Reached skill level 5 in Invocations
  4627 | D:4      | Reached skill level 7 in Axes
  5066 | D:5      | Entered Level 5 of the Dungeon
  5090 | D:5      | Reached skill level 5 in Fighting
  5090 | D:5      | Reached XP level 9. HP: 64/81 MP: 13/13
  5226 | D:5      | Found a glowing silver altar of Zin.
  5429 | D:5      | Found a staircase to the Ecumenical Temple.
  5458 | Temple   | Entered the Ecumenical Temple
  6298 | D:6      | Found Reoluver's Armour Shoppe.
  7230 | D:7      | Reached skill level 8 in Axes
  7240 | D:7      | Found a snail-covered altar of Cheibriados.
  7252 | D:7      | Found a radiant altar of Vehumet.
  7416 | D:7      | Found Xihazeog's Assorted Antiques.
  7419 | D:7      | Bought a scroll labeled EROLES XEUREME for 20 gold pieces
  7419 | D:7      | Bought a brown potion for 18 gold pieces
  7419 | D:7      | Bought a scroll labeled EROLES XEUREME for 20 gold pieces
  7419 | D:7      | Bought 2 brown potions for 36 gold pieces
  7419 | D:7      | Bought a scroll labeled CASKAKKEST for 20 gold pieces
  7419 | D:7      | Bought a runed war axe for 130 gold pieces
  7634 | D:7      | Noticed Menkaure
  7648 | D:7      | Killed Menkaure
  8071 | D:7      | You fall through a shaft!
  8121 | D:8      | Found a stormy altar of Qazlal.
  8122 | D:8      | Found a blossoming altar of Fedhas.
  8195 | D:8      | Found a flagged portal.
  8294 | Bailey   | Entered a bailey
  8623 | Bailey   | Reached XP level 10. HP: 59/91 MP: 15/15
  8783 | Bailey   | Noticed an orc high priest
  8795 | Bailey   | Noticed a rust devil
  8799 | Bailey   | Noticed a smoke demon
  8806 | Bailey   | Slain by an orc warrior

Skill      XL: |  1  2  3  4  5  6  7  8  9 |
---------------+----------------------------+-----
Throwing       | 2 |  2.0
Armour         | 1 2 3 4 |  4.7
Fighting       | 3 4 5 6 |  6.0
Axes           | 4 5 6 7 8 |  8.7
Dodging        | 3 |  3.2
Invocations    | 2 3 5 7 |  7.7

Action                   |  1- 3 |  4- 6 |  7- 9 | 10-12 || total
-------------------------+-------+-------+-------+-------++-------
Melee: War axe           |    44 |       |    24 |    12 ||    80
       Whip              |    66 |   175 |   415 |       ||   656
Invok: Stomp             |       |     1 |       |       ||     1
       Line Pass         |       |       |     2 |     1 ||     3
 Abil: Spit Poison       |     1 |     2 |     5 |     1 ||     9
Evoke: Wand              |       |     4 |     8 |     1 ||    13
  Use: Scroll            |       |       |    10 |     2 ||    12
       Potion            |       |       |       |     2 ||     2
 Stab: Paralysed         |       |     2 |     6 |       ||     8
  Eat: Chunk             |     1 |     6 |    17 |       ||    24
Armor: Leather armour    |    23 |       |       |       ||    23
       Chain mail        |    32 |    85 |   207 |     2 ||   326
       Skin              |       |       |       |     1 ||     1
Dodge: Dodged            |    60 |    37 |   117 |     3 ||   217
